TOP OF THE 1ST |
Arizona State Sun Devils batting - Pitching for Virginia Cavaliers : RHP Felipe Ortíz
|
Pitching: RHP Felipe Ortíz
|
|
Batting: RHB Dan Utermarck
|
0-0: Bunted foul 0-1: Ball 1-1: Swinging Strike 1-2: Ball 2-2: Ball 3-2: Base on Balls
|
Batting: LHB Lou Townsend
|
0-0: Called Strike 0-1: Called Strike 0-2: Foul Ball, location: 2F 0-2: Foul Ball, location: 2F 0-2: Ball 1-2: Ball 2-2: Reached on error, E3 (Groundball, 3) Dan Utermarck to second
|
Batting: RHB Gil Gardner
|
0-0: Ball 1-0: Swinging Strike 1-1: Ball 2-1: Swinging Strike 2-2: Ball 3-2: Strikes out swinging
|
Batting: RHB Cristo Avalos
|
0-0: Ball Dan Utermarck is caught stealing 3rd base 1-0: Fly out, F8 (Flyball, 78D)
|
Top of the 1st over - 0 runs, 0 hits, 1 error, 1 left on base; Arizona State 0 - Virginia 0 |
BOTTOM OF THE 1ST |
Virginia Cavaliers batting - Pitching for Arizona State Sun Devils : RHP Tom Davis
|
Pitching: RHP Tom Davis
|
|
Batting: LHB Randy Pérez
|
0-0: SINGLE (Groundball, 6MD)
|
Batting: RHB Randy Love
|
0-0: Ball 1-0: Ball 2-0: Ball 3-0: Called Strike 3-1: Foul Ball, location: 2F 3-2: SINGLE (Groundball, 4MD) Randy Pérez to second
|
Batting: LHB Jack Davis
|
0-0: Ball 1-0: Ball 2-0: Ball 3-0: Base on Balls Randy Pérez to third Randy Love to second
|
Batting: LHB Andrés Méndez
|
0-0: SINGLE (Groundball, 34S) (infield hit) Randy Pérez scores Randy Love to third Jack Davis to second
|
Batting: RHB Anthony Scott
|
0-0: Ball 1-0: Reached on error, E4 (Groundball, 4) Randy Love scores Jack Davis to third Andrés Méndez to second
|
Batting: SHB Ed Hall
|
0-0: Called Strike 0-1: Ball 1-1: Ball 2-1: Ball 3-1: Grounds into fielders choice 1-2 (Groundball, 13) Andrés Méndez to third Anthony Scott to second
|
Batting: LHB Jason Thompson
|
0-0: Foul Ball, location: 2F 0-1: Swinging Strike 0-2: Ball 1-2: Strikes out swinging
|
Batting: RHB Mark Greene
|
0-0: Called Strike 0-1: Foul Ball, location: 2F 0-2: Ball 1-2: Foul Ball, location: 2F 1-2: SINGLE (Groundball, 4MD) Andrés Méndez scores Anthony Scott to third Ed Hall to second Runner from 3rd tries for Home, SAFE, no throw
|
Batting: SHB Ed Andrews
|
0-0: Foul Ball, location: 2F 0-1: Foul Ball, location: 2F 0-2: Ball 1-2: SINGLE (Line Drive, 7) Ed Hall to third Mark Greene to second
|
Batting: LHB Randy Pérez
|
0-0: Ball 1-0: Called Strike 1-1: SINGLE (Groundball, 34S) (infield hit) Ed Hall scores Mark Greene to third Ed Andrews to second
|
Batting: RHB Randy Love
|
0-0: Foul Ball, location: 2F 0-1: Called Strike 0-2: Foul Ball, location: 2F 0-2: Ball 1-2: Strikes out swinging
|
Bottom of the 1st over - 5 runs, 6 hits, 1 error, 3 left on base; Arizona State 0 - Virginia 5 |
TOP OF THE 2ND |
Arizona State Sun Devils batting - Pitching for Virginia Cavaliers : RHP Felipe Ortíz
|
Batting: LHB José Serrano
|
0-0: Ball 1-0: Ground out 6-3 (Groundball, 6)
|
Batting: LHB Leonardo Ríos
|
0-0: Ball 1-0: Ball 2-0: SOLO HOME RUN (Flyball, 9LD), Distance : 331 ft
|
Batting: RHB Robbie Harris
|
0-0: DOUBLE (Line Drive, 7LM)
|
Batting: LHB Christian Lindsey
|
0-0: Ball 1-0: Swinging Strike 1-1: Swinging Strike 1-2: Ball 2-2: Strikes out swinging
|
Batting: RHB Michael Irvin
|
0-0: Ball 1-0: Foul Ball, location: 2F 1-1: Ball 2-1: Ball 3-1: Ground out 5-3 (Groundball, 56S)
|
Top of the 2nd over - 1 run, 2 hits, 0 errors, 1 left on base; Arizona State 1 - Virginia 5 |
BOTTOM OF THE 2ND |
Virginia Cavaliers batting - Pitching for Arizona State Sun Devils : RHP Tom Davis
|
Batting: LHB Jack Davis
|
0-0: Ball 1-0: Ball 2-0: Ball 3-0: Base on Balls
|
Batting: LHB Andrés Méndez
|
0-0: DOUBLE (Flyball, 8RXD) Jack Davis to third
|
Batting: RHB Anthony Scott
|
0-0: Called Strike 0-1: Swinging Strike 0-2: Ball 1-2: Foul Ball, location: 2F 1-2: Ball 2-2: Foul Ball, location: 2F 2-2: Ball 3-2: Base on Balls
|
Batting: SHB Ed Hall
|
0-0: Called Strike 0-1: Ball 1-1: Foul Ball, location: 2F 1-2: Foul Ball, location: 2F 1-2: Foul Ball, location: 2F 1-2: Strikes out swinging
|
Batting: LHB Jason Thompson
|
0-0: Fly out, F5 (Popup, 5F)
|
Batting: RHB Mark Greene
|
0-0: Ball 1-0: Fly out, F7 (Flyball, 7D)
|
Bottom of the 2nd over - 0 runs, 1 hit, 0 errors, 3 left on base; Arizona State 1 - Virginia 5 |
TOP OF THE 3RD |
Arizona State Sun Devils batting - Pitching for Virginia Cavaliers : RHP Felipe Ortíz
|
Batting: RHB Dan Utermarck
|
0-0: Swinging Strike 0-1: Swinging Strike 0-2: Ball 1-2: Strikes out swinging
|
Batting: LHB Lou Townsend
|
0-0: Swinging Strike 0-1: Called Strike 0-2: Foul Ball, location: 2F 0-2: SINGLE (Line Drive, 6D)
|
Batting: RHB Gil Gardner
|
0-0: Foul Ball, location: 2F 0-1: Ball 1-1: Foul Ball, location: 2F 1-2: Ball 2-2: Strikes out swinging
|
Batting: RHB Cristo Avalos
|
0-0: Ball 1-0: Called Strike 1-1: Ground out 3-1 (Groundball, 34)
|
Top of the 3rd over - 0 runs, 1 hit, 0 errors, 1 left on base; Arizona State 1 - Virginia 5 |
BOTTOM OF THE 3RD |
Virginia Cavaliers batting - Pitching for Arizona State Sun Devils : RHP Tom Davis
|
Batting: SHB Ed Andrews
|
0-0: Reached on error, E3 (Groundball, 3)
|
Batting: LHB Randy Pérez
|
0-0: Called Strike 0-1: Ball Wild Pitch! Ed Andrews to second 1-1: Foul Ball, location: 2F 1-2: Ball 2-2: Fly out, F6 (Line Drive, 6M) Lined into DP, U6 (Line Drive, 6M)
|
Batting: RHB Randy Love
|
0-0: Ball 1-0: Ball 2-0: TRIPLE (Flyball, 8RXD)
|
Batting: LHB Jack Davis
|
0-0: Called Strike 0-1: Ball 1-1: SINGLE (Line Drive, 3D) Randy Love scores
|
Pitching: LHP Maurice Chappell
|
|
Batting: LHB Andrés Méndez
|
0-0: Foul Ball, location: 2F 0-1: Ground out 4-3 (Groundball, 34)
|
Bottom of the 3rd over - 1 run, 2 hits, 1 error, 1 left on base; Arizona State 1 - Virginia 6 |
TOP OF THE 4TH |
Arizona State Sun Devils batting - Pitching for Virginia Cavaliers : RHP Felipe Ortíz
|
Batting: LHB José Serrano
|
0-0: Foul Ball, location: 2F 0-1: Called Strike 0-2: Ground out 6-3 (Groundball, 6M)
|
Batting: LHB Leonardo Ríos
|
0-0: Foul Ball, location: 2F 0-1: Foul Ball, location: 2F 0-2: Ball 1-2: Foul Ball, location: 2F 1-2: Strikes out swinging
|
Batting: RHB Robbie Harris
|
0-0: Foul Ball, location: 2F 0-1: Fly out, F6 (Popup, 6)
|
Top of the 4th over - 0 runs, 0 hits, 0 errors, 0 left on base; Arizona State 1 - Virginia 6 |
BOTTOM OF THE 4TH |
Virginia Cavaliers batting - Pitching for Arizona State Sun Devils : LHP Maurice Chappell
|
Batting: RHB Anthony Scott
|
0-0: Called Strike 0-1: Foul Ball, location: 2F 0-2: Strikes out looking
|
Batting: SHB Ed Hall
|
0-0: Foul Ball, location: 2F 0-1: Ball 1-1: Fly out, F7 (Flyball, 7)
|
Batting: LHB Jason Thompson
|
0-0: Ball 1-0: Ball 2-0: Ball 3-0: Base on Balls
|
Batting: RHB Mark Greene
|
0-0: Ball 1-0: Ball 2-0: DOUBLE (Groundball, 5L) Jason Thompson to third
|
Batting: SHB Ed Andrews
|
0-0: Ball 1-0: Ball 2-0: Ball 3-0: Base on Balls
|
Batting: LHB Randy Pérez
|
0-0: Ball 1-0: Called Strike 1-1: Swinging Strike 1-2: Fly out, F5 (Line Drive, 56)
|
Bottom of the 4th over - 0 runs, 1 hit, 0 errors, 3 left on base; Arizona State 1 - Virginia 6 |
TOP OF THE 5TH |
Arizona State Sun Devils batting - Pitching for Virginia Cavaliers : RHP Felipe Ortíz
|
Batting: LHB Christian Lindsey
|
0-0: Called Strike 0-1: Ball 1-1: Swinging Strike 1-2: DOUBLE (Line Drive, 7LD)
|
Batting: RHB Michael Irvin
|
0-0: Ground out U3 (Groundball, 3S) Christian Lindsey to third
|
Batting: RHB Dan Utermarck
|
0-0: Ball 1-0: Foul Ball, location: 2F 1-1: Foul Ball, location: 2F 1-2: Ball 2-2: Ball 3-2: Foul Ball, location: 2F 3-2: Strikes out swinging
|
Batting: LHB Lou Townsend
|
0-0: Called Strike 0-1: SINGLE (Groundball, 6D) Christian Lindsey scores
|
Batting: RHB Gil Gardner
|
0-0: Called Strike 0-1: Swinging Strike 0-2: Fielders Choice at 2nd, 6-4 (Groundball, 56)
|
Top of the 5th over - 1 run, 2 hits, 0 errors, 1 left on base; Arizona State 2 - Virginia 6 |
BOTTOM OF THE 5TH |
Virginia Cavaliers batting - Pitching for Arizona State Sun Devils : LHP Maurice Chappell
|
Batting: RHB Randy Love
|
0-0: Ball 1-0: Ball 2-0: Called Strike 2-1: Foul Ball, location: 2F 2-2: Ball 3-2: Strikes out swinging
|
Batting: LHB Jack Davis
|
0-0: Foul Ball, location: 2F 0-1: Foul Ball, location: 2F 0-2: Strikes out swinging
|
Batting: LHB Andrés Méndez
|
0-0: Ball 1-0: Ball 2-0: Called Strike 2-1: SINGLE (Flyball, 89S)
|
Batting: RHB Anthony Scott
|
0-0: Ball 1-0: SINGLE (Line Drive, 8RS) Andrés Méndez to second
|
Batting: SHB Ed Hall
|
0-0: Swinging Strike 0-1: Foul Ball, location: 2F 0-2: Fielders Choice at 2nd, 6-4 (Groundball, 6)
|
Bottom of the 5th over - 0 runs, 2 hits, 0 errors, 2 left on base; Arizona State 2 - Virginia 6 |
TOP OF THE 6TH |
Arizona State Sun Devils batting - Pitching for Virginia Cavaliers : RHP Felipe Ortíz
|
Pitching: RHP Juan García
|
|
Batting: RHB Cristo Avalos
|
0-0: Ball 1-0: Ball 2-0: Ball 3-0: Base on Balls
|
Batting: LHB José Serrano
|
0-0: Ball 1-0: Ball 2-0: Ball 3-0: Called Strike 3-1: Called Strike 3-2: 2-RUN HOME RUN (Flyball, 8LXD), Distance : 390 ft
|
Pitching: RHP Armando Lazaro
|
|
Batting: LHB Leonardo Ríos
|
0-0: Ball 1-0: SINGLE (Line Drive, 4M)
|
Batting: RHB Robbie Harris
|
0-0: Swinging Strike 0-1: Ball 1-1: 2-RUN HOME RUN (Flyball, 78XD), Distance : 370 ft
|
Pitching: LHP Dave Simon
|
|
Batting: LHB Christian Lindsey
|
0-0: Ball 1-0: Ground out 4-3 (Groundball, 4S)
|
Batting: RHB Michael Irvin
|
0-0: Called Strike 0-1: Swinging Strike 0-2: Strikes out looking
|
Batting: RHB Dan Utermarck
|
0-0: Bunt missed! 0-1: Ball 1-1: Called Strike 1-2: Ball 2-2: Foul Ball, location: 2F 2-2: Foul Ball, location: 2F 2-2: Ground out 6-3 (Groundball, 6)
|
Top of the 6th over - 4 runs, 3 hits, 0 errors, 0 left on base; Arizona State 6 - Virginia 6 |
BOTTOM OF THE 6TH |
Virginia Cavaliers batting - Pitching for Arizona State Sun Devils : LHP Maurice Chappell
|
Batting: LHB Jason Thompson
|
0-0: Ball 1-0: Foul Ball, location: 2F 1-1: Swinging Strike 1-2: Strikes out swinging
|
Batting: RHB Mark Greene
|
0-0: Fly out, F9 (Flyball, 9)
|
Batting: SHB Ed Andrews
|
0-0: Called Strike 0-1: Fly out, F9 (Line Drive, 89S)
|
Bottom of the 6th over - 0 runs, 0 hits, 0 errors, 0 left on base; Arizona State 6 - Virginia 6 |
TOP OF THE 7TH |
Arizona State Sun Devils batting - Pitching for Virginia Cavaliers : LHP Dave Simon
|
Pinch Hitting: RHB Neal O'Slattery
|
0-0: Foul Ball, location: 2F 0-1: Ball 1-1: Foul Ball, location: 2F 1-2: Strikes out swinging, 2-3 out at first.
|
Batting: RHB Gil Gardner
|
0-0: Called Strike 0-1: Called Strike 0-2: Ball 1-2: Ground out 6-3 (Groundball, 6)
|
Batting: RHB Cristo Avalos
|
0-0: Ball 1-0: Swinging Strike 1-1: Ball 2-1: Foul Ball, location: 2F 2-2: Strikes out swinging
|
Top of the 7th over - 0 runs, 0 hits, 0 errors, 0 left on base; Arizona State 6 - Virginia 6 |
BOTTOM OF THE 7TH |
Virginia Cavaliers batting - Pitching for Arizona State Sun Devils : LHP Maurice Chappell
|
Now at 2B: Neal O'Slattery
|
|
Batting: LHB Randy Pérez
|
0-0: Ball 1-0: Swinging Strike 1-1: Ball 2-1: Ball 3-1: SINGLE (Groundball, 34D)
|
Batting: RHB Randy Love
|
0-0: Called Strike Pickoff Throw by Catcher to First - Out! 0-1: Ball 1-1: Ball 2-1: Ball 3-1: Base on Balls
|
Pitching: RHP Jeff Pitts
|
|
Batting: LHB Jack Davis
|
0-0: Ball 1-0: Called Strike Randy Love is caught stealing 2nd base 1-1: Foul Ball, location: 2F 1-2: Fly out, F5 (Line Drive, 56)
|
Bottom of the 7th over - 0 runs, 1 hit, 0 errors, 0 left on base; Arizona State 6 - Virginia 6 |
TOP OF THE 8TH |
Arizona State Sun Devils batting - Pitching for Virginia Cavaliers : LHP Dave Simon
|
Batting: LHB José Serrano
|
0-0: Called Strike 0-1: Ball 1-1: Foul Ball, location: 2F 1-2: Ball 2-2: Ball 3-2: SINGLE (Line Drive, 7S)
|
Batting: LHB Leonardo Ríos
|
0-0: Called Strike 0-1: Ball 1-1: Called Strike 1-2: Ball 2-2: Ball Pickoff Throw by Catcher to First - Out! 3-2: Strikes out looking
|
Batting: RHB Robbie Harris
|
0-0: Swinging Strike 0-1: Swinging Strike 0-2: Ball 1-2: Ball 2-2: Ball 3-2: Strikes out swinging
|
Top of the 8th over - 0 runs, 1 hit, 0 errors, 0 left on base; Arizona State 6 - Virginia 6 |
BOTTOM OF THE 8TH |
Virginia Cavaliers batting - Pitching for Arizona State Sun Devils : RHP Jeff Pitts
|
Batting: LHB Andrés Méndez
|
0-0: Called Strike 0-1: Foul Ball, location: 2F 0-2: Ball 1-2: DOUBLE (Line Drive, 89D)
|
Batting: RHB Anthony Scott
|
0-0: Fly out, F8 (Flyball, 8RD)
|
Batting: SHB Ed Hall
|
0-0: Ground out 4-3 (Groundball, 4) Andrés Méndez to third
|
Batting: LHB Jason Thompson
|
0-0: Called Strike 0-1: Swinging Strike 0-2: Ball 1-2: Strikes out swinging
|
Bottom of the 8th over - 0 runs, 1 hit, 0 errors, 1 left on base; Arizona State 6 - Virginia 6 |
TOP OF THE 9TH |
Arizona State Sun Devils batting - Pitching for Virginia Cavaliers : LHP Dave Simon
|
Pitching: RHP Lanny Gauthier
|
|
Batting: LHB Christian Lindsey
|
0-0: Swinging Strike 0-1: Ball 1-1: Ground out 6-3 (Groundball, 6)
|
Batting: RHB Michael Irvin
|
0-0: Ball 1-0: Ball 2-0: Ball 3-0: Called Strike 3-1: Base on Balls
|
Batting: RHB Dan Utermarck
|
0-0: Ball 1-0: Foul Ball, location: 2F 1-1: Swinging Strike 1-2: SINGLE (Groundball, 34D) Michael Irvin to second Runner from 2nd tries for 3rd, SAFE, throw made to third
|
Batting: RHB Neal O'Slattery
|
0-0: Ball 1-0: Ball 2-0: Called Strike 2-1: Foul Ball, location: 2F 2-2: Ball 3-2: Foul Ball, location: 2F 3-2: Fly out, F3 (Popup, 3F)
|
Batting: RHB Gil Gardner
|
0-0: Ball 1-0: Foul Ball, location: 2F 1-1: Ball 2-1: Foul Ball, location: 2F 2-2: Strikes out looking
|
Top of the 9th over - 0 runs, 1 hit, 0 errors, 2 left on base; Arizona State 6 - Virginia 6 |
BOTTOM OF THE 9TH |
Virginia Cavaliers batting - Pitching for Arizona State Sun Devils : RHP Jeff Pitts
|
Pitching: RHP Cory Moore
|
|
Pinch Hitting: SHB Frank Sewell
|
0-0: Swinging Strike 0-1: Swinging Strike 0-2: Ground out 6-3 (Groundball, 6)
|
Pinch Hitting: RHB Scotty Humphrey
|
0-0: Ball 1-0: Called Strike 1-1: Ground out 6-3 (Groundball, 6)
|
Batting: LHB Randy Pérez
|
0-0: Called Strike 0-1: Swinging Strike 0-2: Ball 1-2: Foul Ball, location: 2F 1-2: Ball 2-2: Strikes out looking
|
Bottom of the 9th over - 0 runs, 0 hits, 0 errors, 0 left on base; Arizona State 6 - Virginia 6 |
TOP OF THE 10TH |
Arizona State Sun Devils batting - Pitching for Virginia Cavaliers : RHP Lanny Gauthier
|
Now at 2B: Scotty Humphrey
|
|
Now at 3B: Scott Hughes
|
|
Batting: RHB Cristo Avalos
|
0-0: Ball 1-0: Called Strike 1-1: Ball 2-1: Called Strike 2-2: Foul Ball, location: 2F 2-2: Ball 3-2: Base on Balls
|
Batting: LHB José Serrano
|
0-0: Called Strike 0-1: Foul Ball, location: 2F 0-2: Foul Ball, location: 2F 0-2: Foul Ball, location: 2F 0-2: Foul Ball, location: 2F 0-2: Foul Ball, location: 2F 0-2: Ball 1-2: Strikes out swinging
|
Batting: LHB Leonardo Ríos
|
0-0: Ball 1-0: Ball 2-0: Grounds into double play, 4-6-3 (Groundball, 4M)
|
Top of the 10th over - 0 runs, 0 hits, 0 errors, 0 left on base; Arizona State 6 - Virginia 6 |
BOTTOM OF THE 10TH |
Virginia Cavaliers batting - Pitching for Arizona State Sun Devils : RHP Cory Moore
|
Batting: RHB Randy Love
|
0-0: Ball 1-0: SINGLE (Groundball, 34D)
|
Batting: LHB Jack Davis
|
0-0: Ball 1-0: Called Strike 1-1: Swinging Strike 1-2: Strikes out swinging
|
Batting: LHB Andrés Méndez
|
0-0: Called Strike 0-1: Ball 1-1: Ball 2-1: Ball 3-1: Called Strike 3-2: Foul Ball, location: 2F 3-2: Foul Ball, location: 2F 3-2: Foul Ball, location: 2F 3-2: Base on Balls Randy Love to second
|
Batting: RHB Anthony Scott
|
0-0: Grounds into double play, 4-6-3 (Groundball, 34)
|
Bottom of the 10th over - 0 runs, 1 hit, 0 errors, 1 left on base; Arizona State 6 - Virginia 6 |
TOP OF THE 11TH |
Arizona State Sun Devils batting - Pitching for Virginia Cavaliers : RHP Lanny Gauthier
|
Pitching: RHP Robby Robinson
|
|
Pinch Hitting: RHB Joe Reed
|
0-0: Ball 1-0: Ground out 1-3 (Groundball, 13S)
|
Batting: LHB Christian Lindsey
|
0-0: Ball 1-0: Called Strike 1-1: SOLO HOME RUN (Flyball, 7LD), Distance : 332 ft
|
Batting: RHB Michael Irvin
|
0-0: Foul Ball, location: 2F 0-1: DOUBLE (Line Drive, 8RD)
|
Batting: RHB Dan Utermarck
|
0-0: Intentional Walk
|
Batting: RHB Neal O'Slattery
|
0-0: Called Strike 0-1: Ball Michael Irvin steals 3rd base 1-1: Ball 2-1: Foul Ball, location: 2F 2-2: Foul Ball, location: 2F 2-2: Foul Ball, location: 2F 2-2: Ball 3-2: Strikes out swinging Dan Utermarck steals 2nd base Batter strikes out.
|
Batting: RHB Gil Gardner
|
0-0: Ball 1-0: Foul Ball, location: 2F 1-1: Foul Ball, location: 2F 1-2: Ball 2-2: Ball 3-2: Base on Balls
|
Batting: RHB Cristo Avalos
|
0-0: Ball 1-0: Swinging Strike 1-1: Ball 2-1: Called Strike 2-2: Ball 3-2: Foul Ball, location: 2F 3-2: Foul Ball, location: 2F 3-2: Base on Balls Michael Irvin scores Dan Utermarck to third Gil Gardner to second
|
Batting: LHB José Serrano
|
0-0: Ball 1-0: Swinging Strike 1-1: Foul Ball, location: 2F 1-2: Ball 2-2: Ball 3-2: Fly out, F8 (Flyball, 8RS)
|
Top of the 11th over - 2 runs, 2 hits, 0 errors, 3 left on base; Arizona State 8 - Virginia 6 |
BOTTOM OF THE 11TH |
Virginia Cavaliers batting - Pitching for Arizona State Sun Devils : RHP Cory Moore
|
Pitching: LHP Fernando Velázquez
|
|
Now at C: Augusto Gutiérrez
|
|
Batting: SHB Ed Hall
|
0-0: Foul Ball, location: 2F 0-1: Ball 1-1: Called Strike 1-2: Strikes out swinging
|
Batting: LHB Jason Thompson
|
0-0: Called Strike 0-1: Foul Ball, location: 2F 0-2: Ball 1-2: Foul Ball, location: 2F 1-2: Strikes out swinging
|
Batting: RHB Scott Hughes
|
0-0: Foul Ball, location: 2F 0-1: Foul Ball, location: 2F 0-2: Ball 1-2: Ball 2-2: Strikes out swinging
|
Bottom of the 11th over - 0 runs, 0 hits, 0 errors, 0 left on base; Arizona State 8 - Virginia 6 |
|